 Dungeon Crawl Stone Soup version 0.19-a0-835-gf140595 (webtiles) character file.

737 Implojin the Carver (level 7, -4/57 HPs)
             Began as a Minotaur Fighter on June 30, 2016.
             Killed from afar by a giant frog (36 damage)
             ... with an exploding inner flame
             ... hexed by the player character
             ... on level 6 of the Dungeon.
             The game lasted 00:08:28 (1092 turns).

Implojin the Carver (Minotaur Fighter)              Turns: 1092, Time: 00:08:29

Health: -4/57      AC:  5    Str: 20    XL:     7   Next: 46%
Magic:  6/6        EV:  8    Int:  5    God:
Gold:   52         SH:  9    Dex: 12    Spells: 0 memorised, 6 levels left

rFire  . . .     SeeInvis .     a - +0 long sword
rCold  . . .     Gourm    .     l - +0 ring mail
rNeg   . . .     Faith    .     c - +0 shield
rPois  .         Spirit   .     (helmet restricted)
rElec  .         Dismiss  .     (no cloak)
rCorr  .         Reflect  .     (no gloves)
SustAt +         Harm     .     (no boots)
MR     .....                    (no amulet)
Stlth  +.........               (no ring)
                                m - ring of sustain attributes

@: not resistant to hostile enchantments, very unstealthy
A: retaliatory headbutt, horns 2
a: no special abilities


You were on level 6 of the Dungeon.
You were not hungry.

You visited 1 branch of the dungeon, and saw 6 of its levels.

You collected 52 gold pieces.

Inventory:

Hand Weapons
 a - a +0 long sword (weapon)
 d - a +0 falchion
Missiles
 g - 4 curare-tipped needles
Armour
 b - a +0 scale mail
 c - a +0 shield (worn)
 l - a +0 ring mail (worn)
Jewellery
 m - a ring of sustain attributes (left hand)
Wands
 o - a wand of heal wounds (3/9)
Scrolls
 j - a scroll of remove curse
 q - a scroll of amnesia
Potions
 u - a potion of magic {unknown}
 v - a potion of degeneration {unknown}
Comestibles
 f - a bread ration
 p - 2 fruits
 r - a meat ration
 t - a slice of pizza


   Skills:
 - Level 3.6 Fighting
 * Level 10.2 Long Blades
 - Level 3.6 Armour
 - Level 3.6 Shields


You had 6 spell levels left.
You didn't know any spells.

Dungeon Overview and Level Annotations

Branches:
Dungeon (6/15)
 Temple: D:4-7

Altars:
Fedhas
Nemelex Xobeh


Innate Abilities, Weirdness & Mutations

You reflexively headbutt those who attack you in melee.
You have a pair of horns on your head.


Message History

The giant frog hits you but does no damage.
The crimson imp hits you but does no damage.
Unknown command.
You barely miss the crimson imp.
The crimson imp is moderately wounded.
The giant frog closely misses you.
You riposte.
You slash the giant frog!
The giant frog is severely wounded.
You block the crimson imp's attack. The giant frog barely misses you.
Unknown command.
You slash the crimson imp!
You kill the crimson imp!
The giant frog hits you.
Unknown command.
The giant frog closely misses you. You block the giant frog's attack.
You block the giant frog's attack. You block the giant frog's attack.
The giant frog hits you but does no damage.
The giant frog hits you.
The giant frog hits you but does no damage. x2
The giant frog hits you. You block the giant frog's attack.
An orc wizard comes into view. It is wielding a dagger of flaming.
You see here a club.
The orc wizard hits you with a dagger of flaming.
* * * LOW HITPOINT WARNING * * *
The orc wizard burns you.
* * * LOW HITPOINT WARNING * * *
You block the orc warrior's attack.
You see here an enchanted war axe.
Unknown command.
You hit the orc wizard. You headbutt the orc wizard.
The orc wizard is moderately wounded.
The giant frog barely misses you. You furiously retaliate!
You headbutt the giant frog.
You riposte.
You slash the giant frog!
The giant frog explodes!
The fiery explosion engulfs the jackal.
You kill the jackal!
The fiery explosion engulfs you!
Ouch! That really hurt!
You die...

#..##..#####.... #....#hZ#
#..#..h.......#
....#.###Y###
.†§..#o##....#####..###...
#..5. .##..#..#...#o.....#
##.. #####
)##..##.#..ho.### ..
.....5.oh...#hh.# .....
.##.....#..##S#§# .....
..##.#.....##.#§##.o...
..##.##.#..##S#§@#.....
.....##...###.##oo......
..................%.../.
..#..#..................
..#..#....####..........
..#..#....#......#......
..#......##...####......
.........#....# ......
##..#.<......#####.


You could see an orc warrior, a black bear (inner flame), an orc priest and an
orc wizard.

Vanquished Creatures
  Duvessa (D:5)
  An ice beast (D:5)
  An ogre (D:6)
  A centaur (D:6)
  Dowan (D:5)
  2 crimson imps
  A giant frog zombie (D:5)
  A centaur zombie (D:6)
  A giant frog skeleton (D:6)
  An iguana (D:5)
  An orc wizard (D:6)
  Ijyb (D:2)
  A worker ant (D:4)
  A worm (D:4)
  11 orcs
  3 giant cockroaches
  3 hobgoblins
  8 jackals
  6 kobolds (D:1)
  3 bats
  3 giant newts
  3 rats
55 creatures vanquished.

Notes
Turn   | Place    | Note
--------------------------------------------------------------
     0 | D:1      | Implojin the Minotaur Fighter began the quest for the Orb.
     0 | D:1      | Reached XP level 1. HP: 19/19 MP: 0/0
    18 | D:1      | Reached skill level 3 in Long Blades
    38 | D:1      | Reached XP level 2. HP: 19/26 MP: 1/1
   138 | D:2      | Reached skill level 4 in Long Blades
   188 | D:2      | Reached XP level 3. HP: 4/31 MP: 2/2
   231 | D:2      | Noticed Ijyb
   234 | D:2      | Killed Ijyb
   234 | D:2      | Reached skill level 5 in Long Blades
   308 | D:4      | Reached XP level 4. HP: 11/39 MP: 3/3
   328 | D:5      | Entered Level 5 of the Dungeon
   338 | D:5      | Found a blossoming altar of Fedhas.
   355 | D:5      | Reached skill level 6 in Long Blades
   469 | D:5      | Noticed Duvessa
   470 | D:5      | Noticed Dowan
   507 | D:5      | Killed Duvessa
   507 | D:5      | Reached skill level 7 in Long Blades
   507 | D:5      | Reached XP level 5. HP: 14/45 MP: 4/4
   536 | D:5      | Killed Dowan
   536 | D:5      | Reached skill level 8 in Long Blades
   536 | D:5      | Reached XP level 6. HP: 21/51 MP: 5/5
   599 | D:5      | Found a sparkling altar of Nemelex Xobeh.
   613 | D:5      | Noticed an ice beast
   622 | D:5      | Killed an ice beast
   671 | D:6      | Noticed a sky beast
   676 | D:6      | Reached skill level 9 in Long Blades
   932 | D:6      | Reached XP level 7. HP: 57/57 MP: 6/6
  1050 | D:6      | Reached skill level 10 in Long Blades
  1092 | D:6      | Killed from afar by a giant frog

Vault maps used:
D:1:      scummos_arrival_star
D:2:      minmay_pentomino_p4, uniq_iyjb
D:3:      first_bread, kennysheep_generic_room_15
D:4:      yredelemnul_forgotten_temple_becter
D:5:      nicolae_overflow_crystal_walls, nemelex_xobeh_ov_fountains_minmay,
          uniq_duvessa, uniq_blork_the_orc
D:6:      basic_altar

Skill      XL: |  1  2  3  4  5  6  7 |
---------------+----------------------+-----
Long Blades    | 3 4 5 7 8 9 10 | 10.2
Fighting       | |  3.6
Armour         | |  3.6
Shields        | |  3.6

Action                   |  1- 3 |  4- 6 |  7- 9 || total
-------------------------+-------+-------+-------++-------
Melee: Long sword        |    80 |    93 |    47 ||   220
       Headbutt          |    13 |    17 |     7 ||    37
Evoke: Wand              |       |       |     3 ||     3
  Use: Potion            |     5 |     2 |     1 ||     8
       Scroll            |       |     5 |     5 ||    10
  Eat: Chunk             |       |       |     1 ||     1
Armor: Scale mail        |    35 |       |       ||    35
       Ring mail         |     9 |    24 |    14 ||    47
Dodge: Dodged            |    33 |    24 |    23 ||    80
Block: Shield            |    62 |    30 |    41 ||   133

Table legend:
 A = Turns spent in this place as a percentage of turns spent in the entire game.
 B = Non-inter-level travel turns spent in this place as a percentage of non-inter-level travel turns spent in the entire game.
 C = Inter-level travel turns spent in this place as a percentage of turns spent in this place.
 D = Turns resting spent in this place as a percentage of non-inter-level travel turns spent in this place.
 E = Turns spent auto-exploring this place as a percentage of non-inter-level travel turns spent in this place.
 F = Non-inter-level travel turns spent in this place divided by the number of levels of this place that you've seen.
                   A       B       C       D       E      F
               +-------+-------+-------+-------+-------+----------------------
         Total | 100.0 | 100.0 |   0.0 |   0.2 |   0.0 | 153.7
       Dungeon | 100.0 | 100.0 |   0.0 |   0.2 |   0.0 | 153.7
               +-------+-------+-------+-------+-------+----------------------

Table legend:
 A = Kills in this place as a percentage of kills in entire the game.
 B = Kills by you in this place as a percentage of kills by you in the entire game.
 C = Kills by friends in this place as a percentage of kills by friends in the entire game.
 D = Other kills in this place as a percentage of other kills in the entire game.
 E = Experience gained in this place as a percentage of experience gained in the entire game.
 F = Experience gained in this place divided by the number of levels of this place that you have seen.
                   A       B       C       D       E      F
               +-------+-------+-------+-------+-------+----------------------
         Total | 100.0 | 100.0 |  -nan |  -nan | 100.0 | 175.5
       Dungeon | 100.0 | 100.0 |  -nan |  -nan | 100.0 | 175.5
               +-------+-------+-------+-------+-------+----------------------
